 Dungeon Crawl Stone Soup version 0.30.1-11-g7821555f0a (webtiles) character file.

Game seed: 2802033272311955863

8 Chiseanne the Magician (level 2, 20/20 HPs)
             Began as a Demonspawn Wanderer on Nov 17, 2023.
             Quit the game on level 1 of the Dungeon.
             The game lasted 00:00:17 (200 turns).

Chiseanne the Magician (Demonspawn Wanderer)         Turns: 200, Time: 00:00:18

Health: 20/20      AC:  6    Str: 15    XL:     2   Next: 0%
Magic:  6/6        EV:  9    Int: 13    God:
Gold:   0          SH:  0    Dex:  9    Spells: 7/7 levels left

rFire   . . .        a - +2 hand axe
rCold   . . .        (no shield)
rNeg    . . .        b - +0 scale mail
rPois   .            (helmet restricted)
rElec   .            (no cloak)
rCorr   .            (no gloves)
SInv    .            (no boots)
Will    .....        (no amulet) Stlth
                     (no ring)
HPRegen 0.23/turn    (no ring)
MPRegen 0.10/turn

%: no passive effects
@: no status effects
A: antennae 1
a: no special abilities


You were on level 1 of the Dungeon.
You visited 1 branch of the dungeon, and saw 1 of its levels.

Inventory:

Hand Weapons
 a - a +2 hand axe (weapon)
Missiles
 e - 5 poisoned darts (quivered)
 f - 19 stones
Armour
 b - a +0 scale mail (worn)
Scrolls
 c - a scroll of fog
 d - a scroll of enchant weapon {unknown}
 i - a scroll of magic mapping {unknown}
Potions
 g - a potion of haste {unknown}
 h - 2 potions of mutation {unknown}


   Skills:
 * Level 0.7 Fighting
 - Level 2.6 Axes
 * Level 2.0 Armour
 * Level 0.6 Dodging
 - Level 3.0 Spellcasting
 - Level 1.7 Air Magic


You had 7 spell levels left.
You didn't know any spells.
Your spell library contained the following spells:

 Spells                   Type           Power      Damage    Failure   Level
 Static Discharge         Conj/Air       8%         2-3/arc   67%         2
 Cigotuvi's Dreadful Rot  Necr/Pois/Air  6%         N/A       71%         2


Dungeon Overview and Level Annotations

Branches:
Dungeon (1/15)

Altars:


Innate Abilities, Weirdness & Mutations

You have a pair of small antennae on your head.


Message History

You kill the hobgoblin!
Your Armour skill increases to level 2!
The frilled lizard barely misses you.
You closely miss the frilled lizard.
The frilled lizard bites you but does no damage.
You hit the frilled lizard.
You kill the frilled lizard!
No target in view!
No target in view!
No target in view!
No target in view!
No target in view!
No target in view!
No target in view!
No target in view!
No target in view!
No target in view!
No target in view!
No target in view!
No target in view!
No target in view!
No target in view!
No target in view!
A bat comes into view.
The bat moves out of view.
A frilled lizard and a ball python come into view.
The frilled lizard hisses angrily.
The bat completely misses you.
You slash the bat!
You kill the bat!
The frilled lizard barely misses you.
You miss the frilled lizard.
The frilled lizard bites you but does no damage.
You closely miss the frilled lizard. You hit the ball python.
You kill the ball python!
The frilled lizard barely misses you.
You have reached level 2!
Your demonic ancestry asserts itself...
A pair of antennae grows on your head!
Are you sure you want to abandon this character and quit the game? (Confirm with "yes".)

# .# #..# ####.
##.###..## ### ..... ...
..... ..# .... #.# #..#
#.# ####..###.###..# #.#
#.....l........# #.#
#......@.......#####.#
#.....#..............#
........†......###.#.###
#..#....#..###.# #.#....
........#..# #.# #.#.##.
#.......#..# #.###.#.##.
........... ..#.#.#.##.
..>.........###.#.#.##.
..........#.# #.#.#.##.


You could see a frilled lizard.

Vanquished Creatures
  A dart slug (D:1)
  A bat (D:1)
  2 hobgoblins (D:1)
  A ball python (D:1)
  A frilled lizard (D:1)
6 creatures vanquished.

Notes
Turn   | Place    | Note
-------+----------+-------------------------------------------
     0 | D:1      | Chiseanne the Demonspawn Wanderer began the quest for the
                  | Orb.
     0 | D:1      | Chiseanne set off with the following items: a +2 hand axe,
                  | a +0 scale mail, a scroll of fog; and the following spells
                  | available to memorise: Static Discharge, Cigotuvi's
                  | Dreadful Rot.
     0 | D:1      | Reached XP level 1. HP: 13/13 MP: 4/4
   200 | D:1      | Gained mutation: You have a pair of small antennae on your
                  | head. [demonic ancestry]
   200 | D:1      | Reached XP level 2. HP: 20/20 MP: 6/6
   200 | D:1      | Quit the game

Illustrated notes

Levels and vault maps discovered:
D:1:      dpeg_arrival_circle_labyrinth_c, layout_basic, serial_shops, shop,
          chequers_serial_rivers_room_b, minmay_misc_feat_five

Skill      XL: |  1 |
---------------+----+-----
Armour         | 2 |  2.0
Fighting       | |  0.7
Axes           | |  2.6
Dodging        | |  0.6
Spellcasting   | |  3.0
Air Magic      | |  1.7

Action                     || total
---------------------------++-------
  Melee: Hand axe          ||    10
         Punch             ||     2
 Armour: Scale mail        ||     2
  Dodge: Dodged            ||     5
